Map: Dusk Towers

Players

IlIllIIllIIl

  • Race: Protoss Protoss
  • League: Gold

Naiko - Winner!

  • Race: Terran Terran
  • League: Platinum

VOD

Have the link to the VOD?

Description

Time

  • Played on: June 20, 2016, 10:41 a.m.
  • Length: 14:03
Show
View Real Time Build Order
Export as new Build Order

IlIllIIllIIl Protoss 

Build Orders: 1 Gate Expand, Blink Stalkers 

Get SALT Encoding   

  12  0:01  Probe (Chrono Boost)  
  13  0:11  Probe (Chrono Boost)  
  14  0:21  Pylon  
  14  0:23  Probe (Chrono Boost)  
  15  0:40  Gateway, Probe (Chrono Boost)  
  16  0:43  Assimilator  
  16  0:50  Probe (Chrono Boost)  
  17  1:02  Probe (Chrono Boost)  
  18  1:12  Probe (Chrono Boost)  
  19  1:27  Nexus  
  19  1:34  Cybernetics Core  
  19  1:38  Probe (Chrono Boost)  
  20  1:44  Assimilator  
  20  1:48  Probe (Chrono Boost)  
  20  1:54  Pylon  
  21  1:59  Probe (Chrono Boost)  
  22  2:12  Mothership Core (Chrono Boost)  
  22  2:13  Adept  
  22  2:14  Warp Gate  
  26  2:30  Probe (Chrono Boost)  
  27  2:41  Twilight Council  
  27  2:45  Pylon  
  27  2:48  Probe x2 (Chrono Boost)  
  29  2:59  Probe x2 (Chrono Boost)  
  31  3:08  Adept  
  31  3:09  Probe x2 (Chrono Boost)  
  35  3:16  Robotics Facility  
  36  3:20  Probe (Chrono Boost)  
  36  3:24  Blink  
  37  3:27  Probe (Chrono Boost)  
  37  3:31  Assimilator  
  37  3:46  Probe x2 (Chrono Boost)  
  39  3:56  Probe x2 (Chrono Boost)  
  41  4:05  Observer  
  41  4:06  Gateway  
  41  4:07  Probe x2 (Chrono Boost)  
  41  4:08  Gateway  
  44  4:26  Observer  
  45  4:31  Nexus  
  45  4:37  Probe (Chrono Boost)  
  45  4:38  Stalker  
  48  4:40  Forge  
  48  4:41  Probe (Chrono Boost)  
  49  4:47  Probe (Chrono Boost), Observer  
  49  4:51  Probe (Chrono Boost)  
  52  4:58  Probe (Chrono Boost)  
  53  5:08  Pylon  
  53  5:10  Pylon  
  53  5:16  Pylon  
  53  5:19  Protoss Ground Weapons Level 1 (Chrono Boost), Probe (Chrono Boost)  
  53  5:20  Assimilator, Pylon  
  54  5:27  Probe (Chrono Boost), Observer  
  44  5:48  Probe (Chrono Boost)  
  44  5:49  Probe x2 (Chrono Boost)  
  48  5:55  Immortal  
  51  5:59  Probe x3 (Chrono Boost)  
  51  6:00  Stalker  
  51  6:01  Stalker  
  58  6:08  Probe x2  
  58  6:09  Probe  
  61  6:18  Stalker  
  63  6:19  Probe x2  
  63  6:21  Probe  
  63  6:25  Gateway  
  66  6:29  Stalker x2, Probe  
  71  6:34  Immortal  
  75  6:45  Probe x2  
  75  6:46  Probe  
  64  6:55  Probe x2  
  64  6:58  Probe  
  67  7:03  Stalker x3  
  67  7:06  Probe  
  74  7:10  Probe  
  70  7:16  Probe  
  70  7:17  Probe  
  70  7:18  Gateway  
  70  7:20  Gateway  
  70  7:22  Probe  
  72  7:27  Probe x2  
  74  7:31  Stalker  
  75  7:42  Stalker x2  
  78  7:45  Probe  
  78  7:46  Probe  
  78  7:47  Probe  
  79  7:56  Stalker x2  
  83  7:59  Probe  
  83  8:05  Probe  
  84  8:10  Probe  
  84  8:11  Probe  
  87  8:15  Protoss Ground Weapons Level 2 (Chrono Boost)  
  87  8:16  Probe  
  78  8:22  Stalker  
  78  8:23  Stalker  
  78  8:26  Probe  
  68  8:30  Adept  
  68  8:31  Adept x2  
  75  8:37  Probe  
  76  8:41  Adept  
  76  8:44  Probe  
  76  8:47  Probe  
  79  8:48  Adept x2  
  78  8:56  Probe  
  78  8:58  Probe  
  78  9:00  Adept x3  
  86  9:08  Probe x2  
  88  9:17  Gateway  
  88  9:19  Gateway  
  88  9:23  Gateway  
  88  9:27  Pylon  
  88  9:30  Pylon  
  84  9:36  Nexus  
  84  9:38  Immortal  
  88  9:39  Pylon  
  88  9:47  Adept  
  88  9:48  Adept x5  
  94  10:17  Immortal  
  94  10:19  Adept x5  
  94  10:20  Adept  
  102  10:31  Charge  
  102  10:32  Zealot  
  102  10:33  Zealot x2  
  108  10:42  Pylon  
  108  10:44  Pylon  
  108  10:46  Zealot  
  108  10:47  Zealot x5  
  85  11:12  Probe x3  
  85  11:13  Probe  
  85  11:16  Stalker x3  
  85  11:17  Stalker x5  
  105  11:23  Probe x3  
  108  11:25  Probe  
  108  11:29  Assimilator  
  108  11:30  Assimilator  
  109  11:33  Probe x2  
  109  11:34  Assimilator  
  109  11:37  Probe  
  110  11:43  Immortal  
  114  11:49  Robotics Facility  
  114  11:51  Probe x2  
  114  11:53  Probe, Pylon  
  117  12:02  Pylon  
  117  12:04  Photon Cannon  
  117  12:05  Photon Cannon  
  117  12:07  Photon Cannon  
  117  12:10  Photon Cannon, Resonating Glaives  
  117  12:11  Photon Cannon  
  117  12:14  Stalker x2  
  117  12:15  Stalker  
  123  12:22  Immortal  
  101  12:31  Adept  
  101  12:32  Adept  
  101  12:33  Zealot  
  101  12:34  Zealot x3  
  107  12:54  Zealot x7  
  107  12:55  Zealot x2  
  104  13:24  Templar Archives  
  104  13:25  Zealot x3  
  104  13:26  Zealot x4  
  116  13:30  Stalker  
  116  13:37  Sentry  
  93  13:59  Zealot x6  
  93  14:00  Zealot  
Show
View Real Time Build Order
Export as new Build Order

Naiko Terran - Winner!

Build Orders: Reaper Expand, MMM Bio 

Get SALT Encoding   

  12  0:00  SCV  
  13  0:13  SCV  
  14  0:17  Supply Depot  
  14  0:25  SCV  
  15  0:39  SCV  
  15  0:40  Barracks  
  16  0:44  Refinery  
  16  0:51  SCV  
  17  1:03  SCV  
  18  1:15  SCV  
  19  1:29  Orbital Command, Reaper  
  20  1:40  Command Center  
  20  1:56  Supply Depot, SCV  
  21  2:07  Marine  
  22  2:08  Factory  
  22  2:14  SCV  
  23  2:23  Refinery  
  23  2:25  Barracks Reactor  
  23  2:26  SCV  
  24  2:41  SCV  
  25  2:48  Barracks  
  25  2:53  SCV  
  25  2:55  Starport  
  26  3:15  SCV  
  26  3:16  Orbital Command  
  26  3:18  Barracks Tech Lab  
  27  3:22  Widow Mine x2  
  31  3:27  SCV  
  31  3:30  Supply Depot  
  32  3:37  Medivac, Refinery  
  34  3:43  Barracks Tech Lab  
  34  4:00  Marine  
  35  4:04  Widow Mine x2  
  35  4:06  Supply Depot  
  39  4:11  Marine  
  40  4:18  Marine  
  41  4:28  Marine  
  41  4:36  Marine  
  41  4:38  Barracks  
  42  4:42  Bunker  
  42  4:44  Liberator  
  42  4:58  Siege Tank, Barracks Tech Lab  
  42  4:59  Barracks  
  45  5:03  SCV, Barracks  
  45  5:04  SCV  
  50  5:16  SCV x2  
  52  5:24  Engineering Bay  
  52  5:26  Supply Depot  
  52  5:28  SCV x2  
  54  5:40  SCV x2  
  56  5:50  Barracks Reactor  
  56  5:51  Engineering Bay  
  56  5:52  Barracks Reactor, SCV x2  
  56  5:53  Combat Shields  
  56  5:54  Stimpack  
  58  6:07  Command Center, Marauder, Marine  
  58  6:08  Barracks Reactor  
  58  6:10  Terran Infantry Weapons Level 1  
  61  6:13  SCV  
  61  6:15  Armory  
  62  6:22  Supply Depot  
  62  6:25  Marauder  
  64  6:26  Supply Depot, Marine  
  65  6:58  Marauder, Marine x5  
  65  6:59  Marauder, Marine  
  71  7:13  Medivac  
  67  7:16  Marine x4  
  67  7:20  Marauder x2  
  75  7:41  Marauder  
  77  7:45  Marauder, Marine x5  
  77  7:46  Marine  
  82  7:52  Orbital Command  
  82  7:53  SCV  
  83  8:00  Siege Tank  
  83  8:03  Medivac, Marauder, Marine  
  91  8:06  SCV  
  91  8:07  Marauder  
  94  8:19  SCV  
  85  8:24  Marauder, Marine x2  
  85  8:25  Marine  
  85  8:26  Marine x2  
  86  8:27  Marine  
  86  8:28  Marauder  
  89  8:36  SCV x2  
  91  8:42  Marine x3  
  91  8:45  Marauder  
  97  8:48  SCV x2  
  97  8:50  Marauder  
  86  9:04  Marine x3  
  86  9:05  Marine x3  
  86  9:06  Medivac x2  
  86  9:07  Siege Tank, Marauder  
  86  9:09  Concussive Shells  
  100  9:10  Terran Infantry Weapons Level 2  
  100  9:11  Terran Infantry Armor Level 1, Marauder  
  100  9:22  Marine  
  101  9:28  Marauder  
  97  9:32  Marauder  
  97  9:33  Marine x2  
  101  9:39  Supply Depot  
  101  9:40  Terran Vehicle Weapons Level 1  
  101  9:41  Supply Depot  
  101  10:00  Marine x2  
  101  10:01  SCV x2, Marauder x2  
  101  10:02  Medivac, Marine x2  
  101  10:03  Siege Tank, SCV  
  117  10:08  Marine x2  
  117  10:11  Supply Depot  
  117  10:14  Supply Depot  
  108  10:22  Marauder x2  
  110  10:44  Marauder x2  
  113  10:51  Marine x6  
  82  11:05  Marauder x2  
  82  11:08  Marine  
  82  11:09  Marine x5  
  85  11:12  Liberator x2  
  85  11:24  Refinery, Barracks  
  85  11:26  Marauder, Marine x2  
  85  11:27  Marauder, Marine x4, Refinery  
  85  11:28  Barracks  
  85  11:30  SCV  
  85  11:31  SCV x2  
  104  11:42  SCV  
  104  11:44  Marine x4  
  104  11:45  Refinery, Marine  
  110  11:48  Marauder x2  
  110  11:50  Marine  
  115  11:59  Command Center  
  115  12:02  Marine x4  
  115  12:03  Marine  
  120  12:08  Marine  
  120  12:09  Marauder x2  
  120  12:10  Marine  
  126  12:20  Barracks Reactor, Marine x5  
  113  12:31  Marauder x2  
  117  12:38  Marine x2  
  117  12:39  Marine x5  
  124  12:52  Marauder x2  
  124  12:56  Marine x4  
  132  13:03  Marine  
  133  13:08  Supply Depot  
  133  13:10  Marine x4  
  137  13:13  Supply Depot, Marauder x2  
  137  13:14  Supply Depot  
  141  13:24  Marine  
  141  13:25  Marine x4  
  146  13:28  Marine x2  
  146  13:29  Supply Depot, Marine x2  
  146  13:31  Supply Depot  
  150  13:35  Marauder x2  
  154  13:42  Marine x2  
  154  13:43  Marine x3  
Tags
 
Add a new tag
Caveats
  • Supply blocks, unpowered buildings, or Contaminate may cause inaccurate times.
  • Supply counts are checked every 10 seconds.